 Dungeon Crawl Stone Soup version 0.23.2-1-ga50397a6bc (webtiles) character file.

Game seed: 13013149604024452864

249 Norn the Conjurer (level 6, 0/41 HPs)
             Began as an Octopode Wizard on May 14, 2019.
             Slain by a phantom (10 damage)
             ... on level 4 of the Dungeon.
             The game lasted 00:08:36 (4305 turns).

Norn the Conjurer (Octopode Wizard)                 Turns: 4305, Time: 00:08:36

Health: 0/41       AC:  1    Str:  6    XL:     6   Next: 12%
Magic:  10/12      EV: 14    Int: 23    God:
Gold:   220        SH:  0    Dex: 16    Spells: 5/13 levels left

rFire    . . .     SeeInvis .   o - +1 whip (elec)
rCold    . . .     Gourm    .   (no shield)
rNeg     . . .     Faith    .   a - +0 hat
rPois    .         Spirit   .   (no amulet)
rElec    .         Reflect  .   (no ring)
rCorr    .         Harm     .   c - +6 ring of dexterity
MR       .....                  (no ring)
Stlth    +++.......             (no ring)
HPRegen  0.13/turn              (no ring)
MPRegen  0.13/turn              (no ring)
                                (no ring)
                                (no ring)

@: no status effects
A: almost no armour, stealthy swim, amphibious, 8 rings, constrict 8, camouflage
1, gelatinous body 1
a: no special abilities


You were on level 4 of the Dungeon.
You were hungry.

You visited 1 branch of the dungeon, and saw 4 of its levels.

You collected 220 gold pieces.

Inventory:

Hand Weapons
 i - a +0 hunting sling
   (You found it on level 1 of the Dungeon)
 o - a +1 whip of electrocution (weapon)
   (You took it off an orc priest on level 3 of the Dungeon)
Missiles
 b - 183 stones (quivered)
Armour
 a - a +0 hat (worn)
Jewellery
 c - a +6 ring of dexterity (right tentacle)
   (You found it on level 1 of the Dungeon)
 g - an uncursed ring of ice
   (You found it on level 1 of the Dungeon)
Scrolls
 j - a scroll of amnesia {unknown}
 l - 2 scrolls of remove curse {@r2}
 n - a scroll of teleportation {unknown}
 r - a scroll of random uselessness {unknown}
 s - a scroll of noise {unknown}
 t - a scroll of fear {unknown}
Potions
 d - 2 potions of might {unknown}
 f - a potion of lignification {unknown}
 h - 2 potions of curing {unknown}
 k - a potion of heal wounds {unknown}
 m - 3 potions of agility {unknown}
 p - a potion of berserk rage {unknown}
 q - 2 potions of flight {unknown}
 u - a potion of haste {unknown}
Comestibles
 e - 9 rations {!d}
 v - 2 chunks of flesh


   Skills:
 + Level 2.6 Fighting
 + Level 2.0 Dodging
 - Level 2.6 Stealth
 + Level 4.0 Spellcasting
 - Level 4.0 Conjurations
 * Level 1.4 Summonings
 - Level 1.0 Translocations


You had 5 spell levels left.
You knew the following spells:

 Your Spells              Type           Power        Failure   Level  Hunger
a - Magic Dart            Conj           ###.         1%          1    None
b - Blink                 Tloc           N/A          11%         2    #......
f - Mephitic Cloud        Conj/Pois/Air  ##......     19%         3    ##.....
x - Call Imp              Summ           ##......     9%          2    #......

Your spell library contained the following spells:

 Spells                   Type           Power        Failure   Level  Hunger
 Conjure Flame            Conj/Fire      ##......     14%         3    ##.....
 Slow                     Hex            #.......     16%         2    #......


Dungeon Overview and Level Annotations

Branches:
Dungeon (4/15)
 Temple: D:4-7

Altars:
Okawaru
Qazlal


Innate Abilities, Weirdness & Mutations

You cannot wear most types of armour.
You are very stealthy in the water. (Stealth+)
You are amphibious.
You can wear up to eight rings at the same time.
You can use your tentacles to constrict eight enemies at once.
Your skin changes colour to match your surroundings (Stealth+).
Your rubbery body absorbs attacks. (AC +1, EV +1)


Message History

There is an open door here.
You open the door. 2 phantoms come into view.
The phantom blinks!
There are monsters nearby!
Aim: a phantom The magic dart hits the phantom.
A beastly little devil appears in a puff of flame.
The phantom misses you.
A beastly little devil appears in a puff of flame.
The phantom closely misses you.
The phantom blinks!
The phantom hits you.
The phantom blinks!
Your crimson imp blinks!
Your crimson imp closely misses the phantom.
A beastly little devil appears in a puff of flame.
The phantom blinks!
The phantom hits you.
Your crimson imp hits the phantom.
Your crimson imp closely misses the phantom.
There is an open door, spattered with blood here.
You barely miss the phantom. The phantom closely misses you.
The phantom hits you!
The phantom blinks!
Your crimson imp blinks!
The phantom barely misses your crimson imp.
Your crimson imp blinks!
There is an open door, spattered with blood here.
Your crimson imp closely misses the phantom.
The phantom hits your crimson imp.
The phantom blinks!
Your crimson imp blinks!
The phantom blinks! x2
Your crimson imp disappears in a puff of smoke!
Your crimson imp barely misses the phantom.
The phantom blinks!
Your crimson imp blinks!
The phantom hits you.
Your crimson imp blinks!
The phantom closely misses you.
You are feeling hungry.
The phantom blinks!
The phantom hits you!
* * * LOW HITPOINT WARNING * * *
The phantom barely misses you.
The phantom blinks!
The phantom blinks! x2
You barely miss the phantom. The phantom closely misses you.
The phantom hits you!
* * * LOW HITPOINT WARNING * * *
The phantom blinks!
The phantom blinks!
There is a stone staircase leading up here.
The phantom hits you!
You die...

##.........# #......# ..
#.........####......#...
##...................#8.
....##................###+###
....##.......................
....##........÷.........#..#
....##......§...........#..#
###.........##.W...........#.# #
#..>......##.#@..........#.# .#
.............#.#..W#.......#.# .#
.............#.###+##....#.#.##.#
.......#.....#.##........#.#.##.#
.......#.... #+##........#.#.....
..... #........#.#.....
##+#####.#.#.....
............#.#. #.......#..##.#.


You could see 2 phantoms.

Vanquished Creatures
  A hound (D:3)
  An orc priest (D:3)
  An orc wizard (D:4)
  2 adders (D:3)
  A worm (D:3)
  A dart slug (D:1)
  2 leopard geckos
  9 orcs
  A ball python (D:4)
  4 giant cockroaches
  8 goblins
  9 hobgoblins
  4 jackals (D:2)
  A quokka (D:2)
  5 bats
  3 frilled lizards
  7 kobolds
  12 rats
72 creatures vanquished.

Vanquished Creatures (collateral kills)
  2 orc priests (D:3)
  A worker ant (D:4)
  A worm (D:2)
  5 orcs
  A bat (D:3)
10 creatures vanquished.

Grand Total: 82 creatures vanquished

Notes
Turn   | Place    | Note
-------+----------+-------------------------------------------
     0 | D:1      | Norn the Octopode Wizard began the quest for the Orb.
     0 | D:1      | Reached XP level 1. HP: 11/11 MP: 4/4
   448 | D:1      | Reached XP level 2. HP: 18/18 MP: 0/6
   878 | D:1      | Reached skill level 1 in Fighting
   882 | D:1      | Reached XP level 3. HP: 23/23 MP: 1/7
  1167 | D:1      | Learned a level 2 spell: Call Imp
  1170 | D:1      | Learned a level 2 spell: Blink
  1174 | D:1      | Learned a level 3 spell: Mephitic Cloud
  1772 | D:2      | Found a stormy altar of Qazlal.
  2459 | D:3      | Found an iron altar of Okawaru.
  2708 | D:3      | Reached XP level 4. HP: 28/28 MP: 0/9
  3372 | D:3      | Reached XP level 5. HP: 34/34 MP: 6/10
  3873 | D:4      | Reached XP level 6. HP: 41/41 MP: 1/11
  4266 | D:4      | Noticed a phantom
  4266 | D:4      | Noticed a phantom
  4305 | D:4      | Slain by a phantom

Skill      XL: |  1  2  3  4  5  6 |
---------------+-------------------+-----
Conjurations   | 2 3 4 |  4.0
Fighting       | 1 2 |  2.6
Spellcasting   | 4 |  4.0
Dodging        | |  2.0
Stealth        | |  2.6
Summonings     | |  1.4
Translocations | |  1.0

Action                   |  1- 3 |  4- 6 || total
-------------------------+-------+-------++-------
Melee: Unarmed           |    29 |     3 ||    32
       Constrict         |     8 |     3 ||    11
       Tentacles         |     4 |     2 ||     6
       Whip              |       |     7 ||     7
 Fire: Hunting sling     |     8 |       ||     8
 Cast: Magic Dart        |    88 |    72 ||   160
       Call Imp          |     7 |    11 ||    18
  Use: Scroll            |     1 |       ||     1
  Eat: Chunk             |     5 |     5 ||    10
Armor: Skin              |     5 |     2 ||     7
Dodge: Dodged            |    30 |    20 ||    50
